 Dungeon Crawl Stone Soup version 0.30-a0-1116-gebefce21f7 (webtiles) character file.

Game seed: 10013399756618254875

110 Aneyh the Trooper (level 4, -3/30 HPs)
             Began as a Tengu Fighter on Apr 21, 2023.
             Slain by Natasha (7 damage)
             ... on level 2 of the Dungeon.
             The game lasted 00:02:39 (1263 turns).

Aneyh the Trooper (Tengu Fighter)                   Turns: 1263, Time: 00:02:39

Health: -3/30      AC:  6    Str: 18    XL:     4   Next: 91%
Magic:  5/5        EV:  6    Int:  9    God:
Gold:   62         SH:  4    Dex: 13    Spells: 3/3 levels left

rFire   . . .      SeeInvis .    a - +0 trident
rCold   . . .      Faith    .    c - +0 buckler
rNeg    . . .      Spirit   .    b - +0 scale mail
rPois   .          Reflect  .    (helmet restricted)
rElec   .          Rampage  .    (no cloak)
rCorr   .                        (no gloves)
Will    .....                    (boots unavailable) Stlth
                                 (no amulet)
HPRegen 0.25/turn                (no ring)
MPRegen 0.09/turn                (no ring)

@: grasped by roots, constricted
A: beak, talons 3
a: no special abilities


You were on level 2 of the Dungeon.
You visited 1 branch of the dungeon, and saw 2 of its levels.

You collected 62 gold pieces.

Inventory:

Hand Weapons
 a - a +0 trident (weapon)
 f - a +0 glaive
Armour
 b - a +0 scale mail (worn)
 c - a +0 buckler (worn)
Jewellery
 j - a ring of see invisible
Scrolls
 e - 2 scrolls of identify {unknown}
 g - 3 scrolls of fear {unknown}
 h - a scroll of magic mapping {unknown}
 k - a scroll of vulnerability {unknown}
 m - a scroll of teleportation {unknown}
Potions
 d - a potion of might
 i - 2 potions of cancellation {unknown}
 l - 2 potions of curing {unknown}


   Skills:
 * Level 4.6 Fighting
 + Level 3.7 Polearms
 - Level 3.2 Armour
 - Level 3.0 Shields


You had 3 spell levels left.
You didn't know any spells.
Your spell library contained the following spells:

 Spells                   Type           Power      Damage    Failure   Level
 Freeze                   Ice            0%         1d3       86%         1
 Poisonous Vapours        Pois/Air       0%         N/A       94%         2
 Frozen Ramparts          Ice            0%         1d1       99%         3
 Hailstorm                Conj/Ice       0%         3d3       99%         3
 Mephitic Cloud           Conj/Pois/Air  0%         N/A       99%         3
 Anguish                  Hex/Necr       0%         N/A       100%        4
 Freezing Cloud           Conj/Ice/Air   0%         6-21      100%        5
 Enfeeble                 Hex            0%         N/A       100%        7


Dungeon Overview and Level Annotations

Branches:
Dungeon (2/15)

Altars:

Annotations:
D:2 Natasha


Innate Abilities, Weirdness & Mutations

You have a beak for a mouth.
You have claws for feet.


Message History

You feel yourself speed up.
You start resting.
HP restored.
You climb downwards.
There is a stone staircase leading up here.
A ball python comes into view.
The ball python hisses angrily.
You puncture the ball python!
You kill the ball python!
No target in view!
Natasha, Servant of Life and Death comes into view.
She is carrying a wand of roots (10).
You start waiting.
Natasha is nearby!
What are your orders? t - Shout!
Orders for allies: a - Attack new target. r - Retreat! s - Stop attacking. g - Guard the area. f - Follow me.
Anything else - Cancel.
You shout for attention!
Natasha hisses angrily.
Natasha casts a spell at you. The magic dart hits you.
Natasha mumbles some strange words.
You closely miss Natasha.
Natasha extends her claws.
Natasha claws you!
The cerulean imp hits you from afar with a +1 spear.
Natasha zaps a wand.
The roots erupt in riotous growth!
The grasping roots grab you!
Natasha is unaffected.
The grasping roots constrict you.
You closely miss Natasha. Your peck misses Natasha.
The cerulean imp hits you from afar with a +1 spear.
Natasha claws you but does no damage. The grasping roots constrict you.
* * * LOW HITPOINT WARNING * * *
You puncture Natasha! You claw Natasha. Your peck misses Natasha.
Natasha is heavily wounded.
The cerulean imp hits you from afar with a +1 spear.
* * * LOW HITPOINT WARNING * * *
Natasha claws you!
You die...

#.# #.##.##.##.#.# #...#####
#.#####.##.##.##.#.# #####.PP.
#.............##.#.# #P...
#..#.####..##......# ##Pb.
#..#.####..##.##...# ##..
#....#.P#..........# #####
##...####.###.##5#.# ####.###
#...####.###.##.#.# #.......
#..###....####@.#5# #####.##
#..# ##.### #h##.######## #.#
#..####.# ## #...h.)....##.#.#
#.......# #P.#.#...######P.#.#
##.####.###.P#......#####.P#.#.
#.<......#P.#..........#..#.#.
######..[##.#......######.#.#P
####...### #..)..## #..#.#.
#...[...# #..#.## #..#.#P


You could see Natasha and a cerulean imp (summoned).

Vanquished Creatures
  Natasha (twice) (D:2)
  2 adders (D:2)
  A worm (D:2)
  A dart slug (D:2)
  4 bats
  6 endoplasms
  A giant cockroach (D:1)
  3 goblins
  2 hobgoblins (D:1)
  8 kobolds
  A quokka (D:2)
  3 ball pythons
  2 frilled lizards
  2 rats (D:1)
38 creatures vanquished.

Notes
Turn   | Place    | Note
-------+----------+-------------------------------------------
     0 | D:1      | Aneyh the Tengu Fighter began the quest for the Orb.
     0 | D:1      | Reached XP level 1. HP: 14/14 MP: 2/2
    45 | D:1      | Reached XP level 2. HP: 19/19 MP: 3/3
   134 | D:1      | Found a faded altar of an unknown god.
   345 | D:1      | Reached XP level 3. HP: 24/24 MP: 4/4
   549 | D:2      | Reached skill level 4 in Fighting
   717 | D:2      | Noticed Natasha
   725 | D:2      | Killed Natasha
   726 | D:2      | Reached XP level 4. HP: 16/30 MP: 5/5
  1075 | D:2      | Noticed Natasha
  1084 | D:2      | Killed Natasha
  1238 | D:2      | Noticed Natasha
  1263 | D:2      | Slain by Natasha

Illustrated notes

Levels and vault maps discovered:
D:1:      ncdulo_watergridlock, layout_rooms, hellmonk_ecumenical_altar_blasted,
          minmay_box_of_dots
D:2:      layout_loops_ring, serial_aquarium, aquarium_bridge_square
          [aquarium_subvault_balcony, aquarium_subvault_bridge,
          aquarium_subvault_balcony, aquarium_subvault_wall],
          aquarium_window_corridor_2, aquarium_window_1, aquarium_window_corner,
          aquarium_window_1, aquarium_view_2b, aquarium_view_2d,
          aquarium_pool_1, hex_medium, uniq_natasha

Skill      XL: |  1  2  3 |
---------------+----------+-----
Fighting       | 4 |  4.6
Polearms       | 3 |  3.7
Armour         | |  3.2
Shields        | |  3.0

Action                     |  1- 3 |  4- 6 || total
---------------------------+-------+-------++-------
  Melee: Trident           |    84 |    22 ||   106
         Kick              |    10 |     6 ||    16
         Peck              |     6 |     1 ||     7
    Use: Potion            |     1 |       ||     1
 Armour: Scale mail        |    18 |     5 ||    23
  Dodge: Dodged            |    27 |     5 ||    32
  Block: Buckler           |    13 |     1 ||    14

Table legend: (Time is in decaauts)
 A = Elapsed time spent in this place.
 B = Non-inter-level travel time spent in this place.
 C = Inter-level travel time spent in this place.
 D = Time resting spent in this place.
 E = Time spent auto-exploring this place.
 F = Levels seen in this place.
 G = Mean time per level.
                   A        B        C        D        E       F      G
               +--------+--------+--------+--------+--------+-----+--------+
         Total |   1316 |   1293 |     23 |    101 |    889 |   2 |  658.0 |
       Dungeon |   1316 |   1293 |     23 |    101 |    889 |   2 |  658.0 |
               +--------+--------+--------+--------+--------+-----+--------+

Top non-repeatable levels by time:
     D:2: 701 daAuts
     D:1: 615 daAuts
